 Dungeon Crawl Stone Soup version 0.19-a0-1672-g679cadd (webtiles) character file.

42894 4thArraOfDagon the Grappler (level 13, -4/136 HPs)
             Began as a Troll Necromancer on Sept 22, 2016.
             Was a High Priest of Elyvilon.
             Slain by a red devil
             ... wielding a +0 trident
              (19 damage)
             ... on level 6 of the Lair of Beasts.
             The game lasted 00:59:29 (10462 turns).

4thArraOfDagon the Grappler (Troll Necromancer)    Turns: 10462, Time: 00:59:30

Health: -4/136     AC: 13    Str: 23    XL:     13   Next: 87%
Magic:  0/21       EV: 14    Int: 13    God:    Elyvilon [*****.]
Gold:   748        SH:  0    Dex: 13    Spells: 3 memorised, 16 levels left

rFire  . . .     SeeInvis +       - Unarmed
rCold  . . .     Gourm    +     w - +1 robe "Qyrugipa" {rN+}
rNeg   + . .     Faith    .     (no shield)
rPois  +         Spirit   +     m - +2 hat {SInv}
rElec  .         Dismiss  .     G - +1 cloak {rPois}
rCorr  .         Reflect  .     (gloves unavailable)
MR     .....     Harm     .     (boots unavailable)
Stlth  +......... Rnd*Tele +    v - amulet "Goobanaci" {Spirit Dex+3}
                                x - +4 ring of strength
                                P - +2 ring of protection

@: no status effects
A: unfitting armour, claws 3, slimy green scales 1, see invisible, deformed
body, dopey 1, fast metabolism 3, gourmand, regeneration 1, robust 1, shaggy fur
1, teleportitis 1, tough skin 2
a: Lesser Healing, Heal Other, Purification, Greater Healing, Divine Vigour,
Divine Protection, Renounce Religion


You were on level 6 of the Lair of Beasts.
You worshipped Elyvilon.
Elyvilon was extremely pleased with you.
You were full.

You visited 4 branches of the dungeon, and saw 23 of its levels.
You also visited: Labyrinth, Ossuary and Ice Cave.

You collected 1248 gold pieces.
You spent 500 gold pieces at shops.

Inventory:

Hand Weapons
 q - a +0 giant spiked club of freezing
 H - a +0 blowgun
Missiles
 C - 4 large rocks (quivered)
 I - 8 curare-tipped needles
Armour
 a - a +0 robe
 m - a +2 hat of see invisible (worn)
 w - the +1 robe "Qyrugipa" (worn) {rN+}
   (You bought it in a shop on level 11 of the Dungeon)

   It protects you from negative energy.
 D - a +2 robe of magic resistance
 G - a +1 cloak of poison resistance (worn)
Jewellery
 n - an uncursed ring of wizardry
 v - the amulet "Goobanaci" (around neck) {Spirit Dex+3}
   (You found it in a labyrinth)

   [amulet of guardian spirit]

   It causes incoming damage to be split between your health and magic.
   It affects your dexterity (+3).
 x - a +4 ring of strength (right claw)
 P - a +2 ring of protection (left claw)
 Q - an uncursed ring of ice
Wands
 s - a wand of polymorph (4/24)
 z - a wand of iceblast (7/15)
 F - a wand of enslavement (9/24)
 M - a wand of flame (37/48)
 O - a wand of flame (7/48)
 S - a wand of lightning (5/15)
Scrolls
 d - 7 scrolls of remove curse
 e - 2 scrolls of noise
 h - 2 scrolls of fog
 k - a scroll of vulnerability
 o - 2 scrolls of immolation
 p - a scroll of teleportation
 t - 2 scrolls of amnesia
 y - a scroll of blinking
 L - 2 scrolls of torment
 N - a scroll of magic mapping
 R - a scroll of fear
Potions
 f - 2 potions of curing
 g - a potion of lignification
 i - a potion of haste
 j - a potion of degeneration
 l - 5 potions of brilliance
 u - 2 potions of magic
 J - a potion of might
Books
 b - a book of Necromancy

   Spells                             Type                      Level
   a - Pain                           Necromancy                   1
   b - Animate Skeleton               Necromancy                   1
   c - Vampiric Draining              Necromancy                   3
   d - Regeneration                   Charms/Necromancy            3
   e - Animate Dead                   Necromancy                   4
   f - Control Undead                 Necromancy                   4
   Elyvilon disapproves of the use of such an item.
Miscellaneous
 A - a lamp of fire
 K - a phantom mirror
Comestibles
 c - 12 bread rations
 r - a royal jelly
 B - 3 meat rations
 E - 8 slices of pizza


   Skills:
 - Level 7.2 Fighting
 - Level 8.0 Dodging
 - Level 1.1 Stealth
 - Level 14.1 Unarmed Combat
 + Level 6.2 Spellcasting
 - Level 3.2 Necromancy
 * Level 7.2 Earth Magic
 - Level 8.0 Invocations


You had 16 spell levels left.
You knew the following spells:

 Your Spells              Type           Power        Failure   Level  Hunger
a - Pain                  Necr           ##..         6%          1    None
b - Regeneration          Chrm/Necr      #.........   28%         3    ###....
c - Leda's Liquefaction   Hex/Erth       ##........   38%         4    ####...


Dungeon Overview and Level Annotations

Branches:
Dungeon (15/15)            Temple (1/1) D:5            Lair (6/6) D:8
 Spider (0/4) Lair:3        Slime (0/5) Lair:5          Orc (2/2) D:10
    Elf (0/3) Orc:2
  Swamp: Lair:2-4    Shoals: Lair:2-4    Vaults: D:13-14     Depths: D:15

Altars:
Ashenzari
Cheibriados
Dithmenos
Elyvilon
Fedhas
Okawaru
Ru
Uskayaw
Vehumet
Xom
The Shining One

Shops:
D:9 (   D:11 [*!   D:12 %   Orc:1 :   Orc:2 }[[%

Portals:
Trove: D:15 (give 3 potions of cure mutation)

Annotations:
D:3 ThereIsNoGod's ghost, amateur MiGl
D:11 Urug
Lair:1 Marenglen's ghost, novice KoAM
Lair:3 Snorg


Innate Abilities, Weirdness & Mutations

You are too large for most types of armour.
You have claws for hands.
Your metabolism is lightning-fast.
You like to eat raw meat.
Your natural rate of healing is unusually fast.
You are covered in fur. (AC +1)
You have very tough skin. (AC +2)
You are partially covered in slimy green scales. (AC +2)
You have supernaturally acute eyesight. (SInv)
Armour fits poorly on your strangely shaped body.
You are dopey. (Int -2)
You are robust. (+10% HP)
You are occasionally teleported next to monsters.


Message History

Unknown command.
Unknown command.
You scratch the red devil but do no damage.
The red devil is severely wounded.
The red devil hits you with a trident!
* * * LOW HITPOINT WARNING * * *
Unknown command.
You closely miss the red devil.
The red devil is severely wounded.
The red devil hits you with a trident!
* * * LOW HITPOINT WARNING * * *
Unknown command.
Unknown command.
You claw the red devil! Your claw misses the red devil.
The red devil is almost dead.
Unknown command.
You closely miss the red devil. Your claw misses the red devil.
The red devil is almost dead.
The red devil hits you with a trident!!
You die...

##### ..... 8.8..
.8... 8.8.. .8...
8.8..###############
.8...)..........4..#
.....#...8....8.@..#
######.............#
######''####### ♣
♣....♣ ♣♣♣ ♣...♣♣
..♣♣ ♣♣♣..♣♣
...♣♣♣♣♣..♣♣♣
♣♣...♣..♣♣♣
♣.....♣♣♣


You could see a red devil.

Vanquished Creatures
  Gastronok (D:8)
  A dire elephant (Lair:6)
  A minotaur (Lab)
  A hell beast (Lair:6)
  A death yak (Lair:6)
  The ghost of ThereIsNoGod the Severer, a novice MiGl of Makhleb (D:10)
  5 orc high priests (Orc:2)
  A wizard (Lair:6)
  5 orc knights (Orc:2)
  2 hill giants
  3 deep elf magi
  2 cyclopes
  2 orc sorcerers (Orc:1)
  An ugly thing (D:12)
  2 centaur zombies
  Maurice (D:8)
  3 black mambas
  A torpor snail (Lair:5)
  3 spiny frogs
  2 gargoyles (D:12)
  2 centaur skeletons
  8 komodo dragons
  A yaktaur (D:15)
  A hellwing (Lair:6)
  2 ice devils (Lair:3)
  3 trolls
  A polar bear (Lair:6)
  Prince Ribbit (D:8)
  3 two-headed ogres
  4 dream sheep (Lair:5)
  A blink frog (Lair:6)
  3 slime creatures (D:15)
  A hornet zombie (D:15)
  6 hippogriffs
  A spriggan (D:10)
  A wyvern (D:14)
  A centaur simulacrum (D:12)
  A shadow (D:15)
  An air elemental (Orc:2)
  24 yaks
  2 wargs
  A vampire mosquito (D:12)
  A soldier ant (D:12)
  6 porcupines
  10 water moccasins
  An ice beast (D:5)
  A wasp (Orc:1)
  36 orc warriors
  2 sky beasts
  9 centaurs
  2 ogres
  9 wolves
  7 crocodiles
  A big kobold (D:9)
  6 bullfrogs
  A gnoll sergeant (D:11)
  A scorpion (D:9)
  A killer bee (D:11)
  A howler monkey (D:5)
  2 crimson imps
  A bullfrog zombie (D:8)
  15 orc wizards
  31 orc priests
  2 bullfrog skeletons
  3 hounds
  5 jellies
  9 worker ants
  2 iguanas
  A big kobold zombie (Ossuary)
  8 mummies (Ossuary)
  2 worker ant zombies
  4 gnolls (D:11)
  42 river rats
  2 adders
  3 shadow imps
  2 oozes
  An adder zombie (D:8)
  An adder skeleton (D:8)
  A leopard gecko (D:10)
  69 orcs
  2 gnoll zombies (Ossuary)
  2 goblins
  2 hobgoblins (D:1)
  5 jackals (D:3)
  4 bats
  2 frilled lizards
  A hobgoblin zombie (Ossuary)
  9 kobolds
  2 kobold zombies (Ossuary)
  2 orc zombies (Ossuary)
  3 rats
443 creatures vanquished.

Vanquished Creatures (others)
  A dream sheep (Lair:5)
  A yak (D:11)
  2 vampire mosquitoes (D:11)
  2 black bears (D:11)
  2 killer bees (D:11)
  5 orcs
  9 fungi
22 creatures vanquished.

Grand Total: 465 creatures vanquished

Notes
Turn   | Place    | Note
-------+----------+-------------------------------------------
     0 | D:1      | 4thArraOfDagon the Troll Necromancer began the quest for the Orb.
     0 | D:1      | Reached XP level 1. HP: 16/16 MP: 1/1
    98 | D:3      | Reached skill level 1 in Unarmed Combat
   107 | D:3      | Reached XP level 2. HP: 22/24 MP: 2/2
   182 | D:3      | Reached skill level 2 in Unarmed Combat
   190 | D:3      | Reached skill level 3 in Unarmed Combat
   190 | D:3      | Reached XP level 3. HP: 29/31 MP: 3/3
   236 | D:4      | Learned a level 3 spell: Regeneration
   275 | D:5      | Entered Level 5 of the Dungeon
   317 | D:5      | Found a staircase to the Ecumenical Temple.
   326 | Temple   | Entered the Ecumenical Temple
   343 | Temple   | Became a worshipper of Elyvilon the Healer
   360 | D:5      | Reached XP level 4. HP: 39/39 MP: 4/4
   379 | D:5      | Reached skill level 4 in Unarmed Combat
   379 | D:5      | Reached skill level 1 in Invocations
   383 | D:5      | Noticed an ogre
   463 | D:4      | Reached XP level 5. HP: 40/45 MP: 5/5
   699 | D:5      | Found a sand-covered staircase.
   705 | Ossuary  | Entered an ossuary
   742 | Ossuary  | Reached skill level 5 in Unarmed Combat
   766 | Ossuary  | Reached XP level 6. HP: 46/54 MP: 6/6
   884 | Ossuary  | Reached * piety under Elyvilon
   998 | D:5      | Noticed an ice beast
  1010 | D:5      | Killed an ice beast
  1010 | D:5      | Reached skill level 1 in Fighting
  1196 | D:3      | Noticed ThereIsNoGod's ghost (amateur MiGl)
  1232 | D:2      | Found a faded altar of an unknown god.
  1243 | D:2      | Found a blossoming altar of Fedhas.
  1308 | D:2      | Found a hide-covered altar of Uskayaw.
  1352 | D:2      | Found a shadowy altar of Dithmenos.
  1392 | D:1      | Reached ** piety under Elyvilon
  1650 | D:5      | Reached XP level 7. HP: 62/62 MP: 7/7
  1670 | D:5      | You fall through a shaft for 3 floors!
  1680 | D:8      | Reached skill level 6 in Unarmed Combat
  1696 | D:8      | Found a shimmering altar of Xom.
  1696 | D:8      | Noticed Gastronok
  1755 | D:8      | Killed Gastronok
  1755 | D:8      | Reached skill level 8 in Unarmed Combat
  1755 | D:8      | Reached XP level 8. HP: 35/76 MP: 8/10
  1755 | D:8      | Reached XP level 9. HP: 39/83 MP: 8/11
  1844 | D:8      | Found a staircase to the Lair.
  1845 | D:8      | Noticed Prince Ribbit
  1864 | D:9      | Found Idoluerre's Antique Weapon Emporium.
  1915 | D:10     | Entered Level 10 of the Dungeon
  2063 | D:10     | Noticed ThereIsNoGod's ghost (novice MiGl)
  2459 | D:11     | Found Plog's Distillery.
  2464 | D:11     | Bought a potion of lignification for 36 gold pieces
  2464 | D:11     | Bought a potion of heal wounds for 60 gold pieces
  2464 | D:11     | Bought a potion of heal wounds for 60 gold pieces
  2464 | D:11     | Bought a potion of berserk rage for 60 gold pieces
  2464 | D:11     | Bought a potion of berserk rage for 60 gold pieces
  2464 | D:11     | Bought a potion of curing for 36 gold pieces
  2527 | D:11     | Found Naka's Antique Armour Shoppe.
  2555 | D:11     | Reached *** piety under Elyvilon
  2664 | D:10     | Reached skill level 9 in Unarmed Combat
  2664 | D:10     | Reached skill level 5 in Invocations
  2668 | D:10     | Noticed a hill giant
  2733 | D:11     | Reached skill level 5 in Dodging
  2811 | D:11     | Noticed a kobold demonologist
  2907 | D:11     | Noticed a brown ugly thing
  2914 | D:11     | Noticed a troll
  2931 | D:11     | Killed a troll
  2955 | D:11     | Reached XP level 10. HP: 44/94 MP: 13/13
  2962 | D:11     | Noticed Urug
  3012 | D:12     | Noticed a gargoyle
  3032 | D:12     | Killed a gargoyle
  3143 | D:12     | Reached skill level 10 in Unarmed Combat
  3177 | D:12     | Reached skill level 5 in Fighting
  3247 | D:12     | Noticed a gargoyle
  3289 | D:12     | Killed a gargoyle
  3535 | D:12     | Found Asentaov's Food Boutique.
  3579 | D:12     | Noticed a purple ugly thing
  3600 | D:13     | Noticed a hill giant
  3612 | D:12     | Noticed a phantasmal warrior
  3612 | D:12     | Killed a hill giant
  3612 | D:12     | Reached skill level 11 in Unarmed Combat
  3687 | D:15     | Entered Level 15 of the Dungeon
  3694 | D:15     | Noticed a manticore
  3798 | D:15     | Noticed a deep elf mage
  3820 | D:15     | Killed a deep elf mage
  3820 | D:15     | Reached XP level 11. HP: 99/105 MP: 13/15
  3930 | D:15     | Found a portal to a secret trove of treasure.
  3933 | D:15     | Noticed a deep elf mage
  3947 | D:15     | Killed a deep elf mage
  3975 | D:15     | Found a labyrinth entrance.
  3983 | Lab      | Entered a labyrinth
  4121 | Lab      | Noticed a minotaur
  4158 | Lab      | Killed a minotaur
  4200 | Lab      | Got a glittering bronze amulet
  4201 | Lab      | Identified the amulet "Goobanaci" {Spirit Dex+3} (You found it in a labyrinth)
  4282 | D:13     | Gained mutation: You are partially covered in slimy green scales. (AC +2) [mutagenic meat]
  4285 | D:13     | Gained mutation: You are robust. (+10% HP) [mutagenic meat]
  4374 | D:15     | Noticed an ogre mage
  4465 | D:14     | Noticed a deep elf mage
  4480 | D:14     | Killed a deep elf mage
  4480 | D:14     | Reached skill level 12 in Unarmed Combat
  4485 | D:14     | Was placed under penance by Elyvilon
  4552 | D:14     | Noticed a centaur warrior
  4672 | D:12     | Killed a purple ugly thing
  4678 | D:12     | Gained mutation: You have supernaturally acute eyesight. (SInv) [mutagenic meat]
  4681 | D:12     | Gained mutation: Armour fits poorly on your strangely shaped body. [mutagenic meat]
  4684 | D:12     | Gained mutation: You are dopey. (Int -2) [mutagenic meat]
  4686 | D:11     | Found Zyotut's Assorted Antiques.
  4695 | D:11     | Bought a scroll labeled WUEDEZO YCHAO for 29 gold pieces
  4804 | D:10     | Killed a hill giant
  5011 | D:10     | Found a staircase to the Orcish Mines.
  5089 | D:11     | Bought a faintly glowing robe for 159 gold pieces
  5099 | D:11     | Identified the +1 robe "Qyrugipa" {rN+} (You bought it in a shop on level 11 of the Dungeon)
  5170 | Orc:1    | Entered Level 1 of the Orcish Mines
  5170 | Orc:1    | Found Kiroagosy's Book Boutique.
  5427 | Orc:1    | Noticed an orc sorcerer
  5442 | Orc:1    | Killed an orc sorcerer
  5442 | Orc:1    | Reached XP level 12. HP: 103/129 MP: 11/16
  5453 | Orc:1    | Noticed an orc warlord
  5460 | Orc:1    | HP: 5/129 [orc warrior/halberd[an orc warlord] (24)]
  5461 | Orc:2    | Entered Level 2 of the Orcish Mines
  5461 | Orc:2    | Was forgiven by Elyvilon
  6035 | Orc:2    | Found a staircase to the Elven Halls.
  6324 | Orc:2    | Reached skill level 13 in Unarmed Combat
  6405 | Orc:2    | Noticed an orc high priest
  6437 | Orc:1    | Noticed a stone giant
  6438 | Orc:1    | Elyvilon protects you from harm!
  6439 | Orc:1    | Elyvilon protects you from harm!
  6440 | Orc:1    | Elyvilon protects you from harm!
  6529 | Orc:2    | Killed an orc high priest
  6562 | Orc:2    | Was placed under penance by Elyvilon
  7149 | Orc:2    | Noticed an orc high priest
  7171 | Orc:2    | Killed an orc high priest
  7171 | Orc:2    | Reached skill level 14 in Unarmed Combat
  7390 | Orc:2    | Noticed an orc high priest
  7447 | Orc:2    | Killed an orc high priest
  7505 | Orc:2    | Noticed an orc high priest
  7547 | Orc:2    | Killed an orc high priest
  7566 | Orc:2    | Noticed an orc high priest
  7582 | Orc:2    | Killed an orc high priest
  7599 | Orc:2    | Found Gialegedgh's Antique Armour Shop.
  7599 | Orc:2    | Found Xaroi's Gadget Shop.
  7600 | Orc:2    | Found Nisyigg's Food Shop.
  7600 | Orc:2    | Found Yfall's Antique Armour Boutique.
  7750 | D:10     | Killed ThereIsNoGod's ghost
  7987 | D:8      | Noticed Maurice
  8006 | D:8      | Killed Maurice
  8050 | D:8      | Gained mutation: You are occasionally teleported next to monsters. [mutagenic meat]
  8062 | D:8      | Killed Prince Ribbit
  8095 | D:7      | Found a shattered altar of Ashenzari.
  8132 | D:8      | Was forgiven by Elyvilon
  8166 | Lair:1   | Entered Level 1 of the Lair of Beasts
  8175 | Lair:1   | Reached XP level 13. HP: 101/136 MP: 13/18
  8181 | Lair:1   | Noticed Sonja
  8182 | Lair:1   | Noticed Sonja
  8182 | Lair:1   | Sonja changed into Sonja the spiny frog
  8193 | Lair:1   | Killed Sonja the spiny frog
  8380 | Lair:1   | Noticed Marenglen's ghost (novice KoAM)
  8456 | Lair:1   | Reached skill level 5 in Spellcasting
  8486 | Lair:1   | Reached **** piety under Elyvilon
  8522 | Lair:1   | Learned a level 4 spell: Leda's Liquefaction
  8575 | Lair:2   | Reached skill level 1 in Earth Magic
  8647 | Lair:3   | Found a hole to the Spider Nest.
  8650 | Lair:3   | Noticed Snorg
  8723 | Lair:3   | Found a frozen archway.
  8740 | IceCv    | Entered an ice cave
  9313 | Lair:5   | Reached ***** piety under Elyvilon
  9322 | Lair:5   | Found a staircase to the Slime Pits.
  9477 | Lair:6   | Entered Level 6 of the Lair of Beasts
  9705 | Lair:6   | Reached skill level 5 in Earth Magic
 10121 | Lair:6   | Noticed a dire elephant
 10188 | Lair:6   | Killed a dire elephant
 10462 | Lair:6   | Slain by a red devil

Vault maps used:
D:1:      minmay_arrival_hallway
D:2:      nicolae_overflow_crystal_walls, grunt_dithmenos_smoke_and_mirrors,
          ecumenical_altar_2, fedhas_altar_1, uniq_crazy_yiuf_cottage
D:3:      kennysheep_the_goblin_king, first_bread, trog_hazing_becter
D:5:      nicolae_overflow_hidden_temple, nicolae_ossuary_entry_plus,
          serial_shops, shop_fountains
D:7:      lightli_temple_of_fire, cheibrodos_ashenzari_chains
D:8:      xom_butterflies, lair_0_dummy, uniq_maurice, uniq_joseph,
          uniq_prince_ribbit1, uniq_gastronok
D:9:      lemuel_blue_sif_altar, serial_shops, shop
D:10:     david_orc_4, grunt_pizzeria, kennysheep_pointless_box, abandoned_shop
D:11:     serial_shops, shop, kennysheep_little_box, shop, uniq_urug
D:12:     serial_shops, nicolae_shop_stone, kennysheep_mini
D:13:     david_vaults_2
D:14:     minmay_misc_feat_diagonals, serial_shops, shop, shop,
          nicolae_shop_behind_doors, minivault_16
D:15:     hangedman_depths_entry_try_elsewhere_first, lab_entry_generic,
          serial_park_square3, enter_trove_3, serial_glass, glass_columns_b,
          glass_columns_b, glass_columns_a, glass_columns_a, elyvilon_altar_5
Temple:   nicolae_temple_god_jail
Lair:1:   minmay_lair_oklob_tunnel, serial_bayou_pond_e, minivault_11,
          uniq_sonja
Lair:2:   minmay_shoals_entry_lonely_mermaid, basic_altar, st_stairs_11,
          serial_bayou_ford_a
Lair:3:   spider_nest_entry_a, portal_ice_cave_demonic_guard,
          serial_bayou_lagoon_a, st_stairs_10, guppyfry_lair_drakes, uniq_snorg
Lair:4:   ldierk_geyser, serial_bayou_shore_a
Lair:5:   nicolae_slime_entry_slimehenge, cheibrodos_lair_reptile_den,
          grunt_megastairs_3
Lair:6:   evil_forest, zaba_anthole
Orc:1:    serial_shops, shop
Orc:2:    st_orc_pillars
Lab:      labyrinth_spiral, nicolae_lab_very_dead_end, nicolae_lab_big_swirl,
          nicolae_lab_statue
Ossuary:  ossuary_tomb_3
IceCv:    ice_cave_tombish

Skill      XL: |  1  2  3  4  5  6  7  8  9 10 11 12 13 |
---------------+----------------------------------------+-----
Unarmed Combat | 1 3 4 5 8 9 11 12 14 | 14.1
Invocations    | 1 2 4 5 6 7 8 |  8.0
Dodging        | 2 4 5 6 7 8 |  8.0
Fighting       | 1 3 4 5 7 |  7.2
Spellcasting   | 4 6 |  6.2
Earth Magic    | 7 |  7.2
Stealth        | |  1.1
Necromancy     | |  3.2

Action                   |  1- 3 |  4- 6 |  7- 9 | 10-12 | 13-15 || total
-------------------------+-------+-------+-------+-------+-------++-------
Melee: Unarmed           |    41 |   171 |   138 |   801 |   463 ||  1614
       Punch             |       |     1 |     7 |    45 |    36 ||    89
       Giant spiked club |       |       |       |    44 |       ||    44
Invok: Heal Other        |       |       |    15 |    12 |     8 ||    35
       Lesser Healing    |       |       |       |     4 |       ||     4
       Divine Protection |       |       |       |     3 |       ||     3
Evoke: Wand              |       |       |     1 |     1 |     3 ||     5
       Lamp of fire      |       |       |       |     1 |       ||     1
  Use: Scroll            |       |    11 |     6 |     6 |     6 ||    29
       Potion            |       |     1 |     2 |    13 |       ||    16
 Stab: Invisible         |       |       |       |     3 |       ||     3
       Sleeping          |       |       |       |       |     2 ||     2
  Eat: Chunk             |     6 |    10 |    20 |    62 |    23 ||   121
       Beef jerky        |     1 |       |       |       |       ||     1
       Fruit             |       |     1 |       |       |       ||     1
       Royal jelly       |       |       |       |     1 |       ||     1
Armor: Robe              |    10 |    58 |    20 |   121 |   111 ||   320
       Skin              |       |       |       |    18 |    15 ||    33
Dodge: Dodged            |    15 |    86 |    60 |   374 |   272 ||   807
